cohdb
Replays
Latest Replays
All Replays
Popular Replays
Top Player Replays
Match Explorer
How It Works
Community
CoH3 Stats
Reddit
Sign in to upload your games and track your stats! →
Sign in with Steam
Match 41354642
Unlisted
Match 41354642
Overview
Messages
Build Orders
End
Construct Section Command Post
Dingo Light Scout Car
Selects Canadian Shock Battlegroup
Infantry Section
Infantry Section
Infantry Section
Grenade Package
Selects Incendiary Munitions
Construct Platoon Command Post
Infantry Section
Infantry Training
Selects Pyrotechnics
Humber Armored Car
ML 3-inch Mortar Team
6-pounder Anti-tank Gun Team
CMP 15cwt Truck
Infantry Section
6-pounder Anti-tank Gun Team
Infantry Section
6-pounder Anti-tank Gun Team
Royal Engineer Section
Selects Churchill Crocodile Heavy Tank
Churchill Crocodile Heavy Tank
Particycles
Henry Shi
自由开火
Gumshoe.Cambro
sss
GANDX
0
0
Comments
sign in to comment!
No comments posted yet!